 Dungeon Crawl Stone Soup version 0.26.0-10-g1f06aea511 (webtiles) character file.

Game seed: 4033511666417762431

39 mopl the Ruffian (level 3, -5/22 (29) HPs)
             Began as a Palentonga Transmuter on Jan 16, 2021.
             Killed from afar by Natasha (6 damage)
             ... with a magic dart
             ... on level 2 of the Dungeon.
             The game lasted 00:01:27 (1476 turns).

mopl the Ruffian (Palentonga Transmuter)            Turns: 1476, Time: 00:01:29

HP:   -5/22 (29)    AC:  2    Str: 13    XL:     3   Next: 26%
MP:   3/6           EV: 18    Int: 14    God:
Gold: 81            SH:  0    Dex: 11    Spells: 0/6 levels left

rFire    . . .     SeeInvis +     - Unarmed
rCold    . . .     Faith    .   (shield currently unavailable)
rNeg     . . .     Spirit   .   (armour currently unavailable)
rPois    x         Reflect  .   (helmet currently unavailable)
rElec    .         Harm     .   (cloak currently unavailable)
rCorr    .         Rampage  .   (gloves currently unavailable)
Will     .....                  (no barding)
Stlth    +.........             (no amulet)
HPRegen  0.07/turn              f - -4 ring of dexterity (curse)
MPRegen  0.10/turn              (no ring)

@: spider-form (expiring), slowed, heavily drained, very slow
A: tiny, rugged brown scales 3, see invisible
a: End Transformation


You were on level 2 of the Dungeon.
You were a venomous arachnid creature.
You visited 1 branch of the dungeon, and saw 2 of its levels.

You collected 81 gold pieces.

Inventory:

Armour
 a - a +0 robe (melded)
Jewellery
 f - a cursed -4 ring of dexterity (left front leg)
Scrolls
 b - a scroll of fear {unknown}
 c - 6 scrolls of identify {unknown}
 d - a scroll of remove curse {unknown}
 e - 2 scrolls of magic mapping {unknown}
Potions
 g - a potion of attraction {unknown}


   Skills:
 - Level 1.0 Fighting
 - Level 1.5 Dodging
 * Level 3.6 Unarmed Combat
 + Level 2.2 Spellcasting
 * Level 2.8 Transmutations
 + Level 0.1 Poison Magic


You couldn't memorise any spells.
You knew the following spells:

 Your Spells              Type           Power        Failure   Level
a - Beastly Appendage     Tmut           18%          19%         1
b - Spider Form           Tmut/Pois      2%           58%         3
w - Wereblood             Tmut           9%           26%         2

Your spell library contained the following spells:

 Spells                   Type           Power        Failure   Level
 Ice Form                 Ice/Tmut       5%           91%         4
 Blade Hands              Tmut           4%           97%         5


Dungeon Overview and Level Annotations

Branches:
Dungeon (2/15)

Altars:

Annotations:
D:2 Natasha


Innate Abilities, Weirdness & Mutations

(You are completely covered in rugged brown scales. (AC +3, +7% HP))
You have supernaturally acute eyesight. (SInv)
((Armour fits poorly on your strangely shaped body.))
((You can roll at nearby foes to attack.))
((You have a long armoured tail.))


Message History

You feel yourself slow down.
You hit Natasha but do no damage.
Natasha is poisoned.
Natasha casts a spell at you. The magic dart hits you!
Ouch! That really hurt!
You are too injured to fight recklessly!
You are too injured to fight recklessly!
You barely miss Natasha.
Natasha is lightly wounded.
Your transformation is almost over.
Natasha casts a spell at you. The magic dart hits you.
* * * LOW HITPOINT WARNING * * *
You hit Natasha.
Natasha looks as sick as possible!
Natasha is heavily wounded.
Natasha claws you.
* * * LOW HITPOINT WARNING * * *
Natasha stares at you and mumbles some strange words.
The magic dart hits you.
You die...

#.#........####.# #.#
#.............#.###.#
#........#.##........
#.......##......###.#
#..........###### #.#
#####.####### #..
#........# #####
#..##.#..#########....
#. #s#..##.........##
# #.h# .##...#.....##
#.## .##...#.....## ..
##.#####...## ##.
#...#...#... #.
#...#...#### #.
#.......# #. #########


You could see Natasha (extremely poisoned).

Vanquished Creatures
  2 dart slugs (D:1)
  A leopard gecko (D:2)
  5 bats
  2 giant cockroaches (D:1)
  3 goblins
  2 hobgoblins (D:1)
  2 jackals (D:1)
  A quokka (D:2)
  A ball python (D:1)
  5 kobolds
  8 rats
32 creatures vanquished.

Notes
Turn   | Place    | Note
-------+----------+-------------------------------------------
     0 | D:1      | mopl the Palentonga Transmuter began the quest for the Orb.
     0 | D:1      | Reached XP level 1. HP: 17/17 MP: 3/3
   171 | D:1      | Reached XP level 2. HP: 10/24 MP: 3/5
   343 | D:1      | Learned a level 2 spell: Wereblood
  1015 | D:2      | Reached XP level 3. HP: 29/29 MP: 6/6
  1078 | D:2      | Learned a level 3 spell: Spider Form
  1468 | D:2      | Noticed Natasha
  1476 | D:2      | HP: 1/22 [Natasha (4)]
  1476 | D:2      | Killed from afar by Natasha

Illustrated notes

Levels and vault maps discovered:
D:1:      nagdon_arrival_zigzag_paths, layout_loops_corners
D:2:      layout_loops_cross, uniq_natasha

Action                   || total
-------------------------++-------
Melee: Unarmed           ||   116
       Kick              ||     1
       Tailslap          ||     5
       Punch             ||     1
 Cast: Beastly Appendage ||     1
       Spider Form       ||     1
Armor: Robe              ||    38
Dodge: Dodged            ||    64
